 Dungeon Crawl Stone Soup version 0.31-a0-1522-g43313d8a59 (webtiles) character file.

Game seed: 5473800426403982875

34479 TheScarfBastard the Severer (level 13, -2/165 HPs)
             Began as a Minotaur Berserker on Dec 30, 2023.
             Was a High Priest of Trog.
             Slain by a seven-headed hydra (9 damage)
             ... while petrified by a catoblepas
             ... on level 13 of the Dungeon.
             The game lasted 00:35:12 (10113 turns).

TheScarfBastard the Severer (Minotaur Berserker)   Turns: 10113, Time: 00:35:13

Health: -2/165     AC: 28    Str: 27    XL:     13   Next: 42%
Magic:  4/4        EV:  2    Int:  4    God:    Trog [*****.]
Gold:   1432       SH:  0    Dex: 15    Spells: 12/12 levels left

rFire   . . .        L - +6 battleaxe (antimagic)
rCold   + . .        (shield currently unavailable)
rNeg    + + +        m - +4 plate armour {rF+}
rPois   ∞            (helmet restricted)
rElec   +            Z - +0 cloak {rCorr}
rCorr   +            s - +3 pair of gloves "Vaotz" {Dex+5}
SInv    .            R - +0 pair of boots
Will    ++...        w - amulet of regeneration Stlth
                     O - +4 ring of slaying
HPRegen 1.00/turn    J - ring of Ehidehas {rElec rC+ rN+}
MPRegen 0.09/turn

%: no passive effects
@: berserking (expiring), lethally poisoned (-2 -> -2), petrified,
strong-willed, regenerating
A: horns 2, retaliatory headbutt, frail 1, inhibited regeneration, no potion
heal 1, heat vulnerability 1
a: Renounce Religion, Berserk, Trog's Hand, Brothers in Arms


You were on level 13 of the Dungeon.
You worshipped Trog.
Trog was extremely pleased with you.
You visited 1 branch of the dungeon, and saw 13 of its levels.
You also visited: Gauntlet and Ice Cave.

You collected 1432 gold pieces.

Inventory:

Hand Weapons
 a - the +9 mace "Ohiesmag" {holy, rPois rF+ Will- SInv}
   (You took it off a minotaur in a Gauntlet)

   rF+:       It protects you from fire.
   rPois:     It protects you from poison Will-: It decreases your willpower.
   SInv:      It lets you see invisible.
 H - a +5 hand axe
 I - a +6 battleaxe of freezing
 L - a +6 antimagic battleaxe (weapon)
Armour
 b - a +2 buckler of protection
 c - a +2 ring mail
 h - a +2 pair of gloves
 m - a +4 plate armour of fire resistance (worn)
 s - the +3 pair of gloves "Vaotz" (worn) {Dex+5}
   (You found it on level 5 of the Dungeon)

   Dex+5:     It affects your dexterity (+5).
 u - an orb of guile
 F - a +1 cloak
 R - a +0 pair of boots (worn)
 X - a +0 pair of boots
 Z - a +0 cloak of preservation (worn)
Jewellery
 e - a ring of magical power
 n - a ring of protection from fire
 q - a ring of flight
 t - a ring of poison resistance
 w - an amulet of regeneration (around neck)
 y - an amulet of faith
 E - a ring of protection from cold
 J - the ring of Ehidehas (right hand) {rElec rC+ rN+}
   (You found it in an ice cave)

   [ring of positive energy]

   rC+:       It protects you from cold.
   rElec:     It insulates you from electricity.
   rN+:       It protects you from negative energy.
 O - a +4 ring of slaying (left hand)
 W - the ring "Nuol" {Will+ Int+6 Dex+4}
   (You found it on level 12 of the Dungeon)

   [ring of intelligence]

   Int+6:     It affects your intelligence (+6).
   Dex+4:     It affects your dexterity (+4).
   Will+:     It increases your willpower.
Wands
 k - a wand of flame (109)
 r - a wand of iceblast (28)
 z - a wand of mindburst (17)
 K - a wand of quicksilver (12)
 P - a wand of charming (4)
 U - a wand of polymorph (8)
Scrolls
 d - a scroll of immolation {unknown}
 l - 4 scrolls of fear
 x - 3 scrolls of teleportation
 B - 4 scrolls of poison
 D - 2 scrolls of vulnerability
 N - a scroll of summoning
 T - a scroll of blinking
Potions
 f - 2 potions of cancellation
 g - a potion of brilliance {unknown}
 i - 5 potions of lignification
 j - 8 potions of curing
 o - 2 potions of degeneration {unknown}
 p - 2 potions of invisibility {unknown}
 A - 6 potions of haste
 G - 2 potions of mutation {unknown}
 Q - a potion of enlightenment {unknown}
 S - a potion of might {unknown}
 V - a potion of attraction {unknown}
 Y - a potion of berserk rage {unknown}


   Skills:
 + Level 13.7 Fighting
 + Level 19.4 Axes
 + Level 13.7 Armour
 + Level 4.9 Dodging
 + Level 0.9 Stealth


You had 12 spell levels left.
You didn't know any spells.
Your spell library was empty.

Dungeon Overview and Level Annotations

Branches:
Dungeon (13/15)            Temple (0/1) D:6            Lair (0/5) D:10
    Orc (0/2) D:12          IceCv (visited)         Gauntlet (visited)
 Vaults: D:13-14

Altars:
Elyvilon
Fedhas
Gozag
Kikubaaqudgha
Makhleb
Okawaru
Ru
Sif Muna
Wu Jian
Xom

Shops:
D:5 :   D:7 :   D:10 (

Portals:
Trove: D:10 (give 12 potions of heal wounds)

Annotations:
D:13 1 transporter, Haduh's ghost, journeyman FeSh


Innate Abilities, Weirdness & Mutations

You have a pair of horns on your head.
You reflexively headbutt those who attack you in melee.
You are frail. (-10% HP)
You do not regenerate when monsters are visible.
Potions are less effective at restoring your health.
You are vulnerable to heat. (rF-)


Message History

The moth of wrath goads the manticore on!
The manticore goes berserk!
The moth of wrath goads the seven-headed hydra on!
The seven-headed hydra goes berserk!
The seven-headed hydra bites you!
The seven-headed hydra bites you but does no damage. x2
The seven-headed hydra bites you! The seven-headed hydra bites you.
The seven-headed hydra bites you! x2; The catoblepas gores you!!
* * * LOW HITPOINT WARNING * * *
Haduh's ghost hits you. The fire dragon bites you!
* * * LOW HITPOINT WARNING * * *
The fire dragon claws you.
* * * LOW HITPOINT WARNING * * *
The fire dragon tramples you.
* * * LOW HITPOINT WARNING * * *
You hold your ground!
The komodo dragon rages.
The seven-headed hydra bites you.
* * * LOW HITPOINT WARNING * * *
The seven-headed hydra bites you but does no damage. x2
The seven-headed hydra bites you!
* * * LOW HITPOINT WARNING * * *
The seven-headed hydra bites you but does no damage. x2
The seven-headed hydra bites you!
* * * LOW HITPOINT WARNING * * *
The fire dragon bites you but does no damage.
The fire dragon completely misses you.
The fire dragon tramples you but does no damage.
The catoblepas gores you but does no damage.
Haduh's ghost briefly turns into a dragon and back.
Haduh's ghost hits you but does no damage.
The seven-headed hydra bites you!
* * * LOW HITPOINT WARNING * * *
The seven-headed hydra bites you!
* * * LOW HITPOINT WARNING * * *
The seven-headed hydra barely misses you.
The seven-headed hydra bites you but does no damage.
The seven-headed hydra completely misses you.
The seven-headed hydra bites you but does no damage.
The seven-headed hydra bites you!!
You die...

.....,,,,* *,**,,* *,* ***,*
#.#.#*******,*,,,****,* *,* #.#.#
**,,,,,,,,,,*,*#* *,, #.#.#
*#.,***©****,,,..* ****,
....####..##,###,,##*##,** *,,,,
.........##.....,#.,..#,,* *,**,
..#.####.#,...#.,.#...##,* *,**,
....# ##.#..##..#D.....#,* *,**,
#...###..#y..#.T@Yl##,,*.# *,**,
#.......##.#...WD#y$...#.# *,**,
....#...#....###SH.##.##.# *,**,
##.##.#.##..#D(/!}$.,,*..# *,**,
##.##.#..###..#####.,*#.#* *,**,
......##...####.©.####..# *,**,
...#####.#.............######,**,
#######..#######.####........,**,
#######.########.# #.#######*,,,


You could see a fire dragon (berserk), a catoblepas (berserk), a seven-headed
hydra (berserk), a manticore (berserk), a moth of wrath, a komodo dragon
(berserk), a water moccasin (berserk, distracted, ally target), Haduh's ghost
and a friendly troll (summoned, berserk, petrified, very poisoned).

Vanquished Creatures
  Nessos (D:12)
  A minotaur (Gauntlet)
  2 two-headed ogres
  2 boulder beetles
  The ghost of ShellytheWitch the Slicer, a journeyman KoBr of Dithmenos (D:12)
  A centaur warrior (D:10)
  A soul eater (Gauntlet)
  Lodul (D:11)
  Pikel (D:8)
  An orc knight (D:12)
  A harpy (D:13)
  A necromancer (IceCv)
  4 ugly things
  2 manticores
  2 deep elf pyromancers (D:12)
  4 cyclopes
  An apocalypse crab (Gauntlet)
  2 gargoyles
  Jeremiah (D:7)
  An unseen horror (D:12)
  11 ice devils (IceCv)
  A kobold demonologist (D:12)
  A yaktaur (D:12)
  A rime drake (Gauntlet)
  5 freezing wraiths
  2 trolls
  A raiju (shapeshifter) (D:13)
  A shadow (D:11)
  5 wyverns
  3 dire elephant simulacra (IceCv)
  A wraith (D:12)
  21 yaks
  Eustachio (D:6)
  5 neqoxecs (D:12)
  2 death yak simulacra (IceCv)
  A steam dragon (D:7)
  A redback (D:13)
  A basilisk (D:13)
  A harpy simulacrum (IceCv)
  6 vampire mosquitoes (D:12)
  2 acid dragons
  A hydra simulacrum (IceCv)
  A water moccasin (D:6)
  A sky beast (D:8)
  7 orc warriors
  3 black bears
  An ice beast (D:6)
  7 centaurs
  8 ogres
  3 phantoms
  3 kobold brigands
  5 bullfrogs
  A gnoll sergeant (D:10)
  4 scorpions
  A two-headed ogre simulacrum (IceCv)
  6 cane toad simulacra (IceCv)
  8 wights
  5 elephant simulacra (IceCv)
  27 killer bees
  A bombardier beetle (D:4)
  7 howler monkeys
  2 quasits (D:12)
  5 hounds
  3 jellies
  7 orc priests
  Crazy Yiuf (D:7)
  4 iguanas
  2 gnoll boudas (D:9)
  11 orc wizards
  4 polar bear simulacra (IceCv)
  A spriggan simulacrum (IceCv)
  2 wolf simulacra (IceCv)
  8 adders
  14 gnolls
  6 shadow imps
  15 white imps
  4 dart slugs
  2 ribbon worms
  38 orcs
  4 bats
  5 endoplasms
  4 giant cockroaches
  8 goblins
  6 hobgoblins
  3 jackals (D:3)
  23 kobolds
  A quokka (D:2)
  5 ball pythons
  A frilled lizard (D:1)
  2 rats
395 creatures vanquished.

Vanquished Creatures (collateral kills)
  An ice statue (IceCv)
  2 ice devils (IceCv)
  A hydra simulacrum (IceCv)
  A polar bear simulacrum (IceCv)
5 creatures vanquished.

Vanquished Creatures (others)
  An ufetubus (IceCv)
1 creature vanquished.

Grand Total: 401 creatures vanquished

Notes
Turn   | Place    | Note
-------+----------+-------------------------------------------
     0 | D:1      | TheScarfBastard the Minotaur Berserker began the quest for
                  | the Orb.
     0 | D:1      | Reached XP level 1. HP: 19/19 MP: 0/0
   228 | D:1      | Reached skill level 4 in Axes
   228 | D:1      | Reached XP level 2. HP: 27/27 MP: 1/1
   516 | D:2      | Found a faded altar of an unknown god.
   782 | D:2      | Reached XP level 3. HP: 33/33 MP: 2/2
   821 | D:2      | Reached ** piety under Trog
  1161 | D:3      | Reached XP level 4. HP: 38/41 MP: 3/3
  1381 | D:3      | Found a shimmering altar of Xom.
  1615 | D:4      | Reached skill level 5 in Axes
  1654 | D:4      | Noticed an ogre
  1662 | D:4      | Killed an ogre
  1663 | D:4      | Reached skill level 5 in Fighting
  1663 | D:4      | Reached XP level 5. HP: 38/48 MP: 4/4
  1867 | D:4      | Reached XP level 6. HP: 35/56 MP: 5/5
  2004 | D:4      | Reached *** piety under Trog
  2031 | D:4      | Reached skill level 6 in Axes
  2269 | D:4      | Reached skill level 5 in Armour
  2281 | D:5      | Entered Level 5 of the Dungeon
  2295 | D:5      | Reached XP level 7. HP: 62/62 MP: 6/6
  2312 | D:5      | Found a blossoming altar of Fedhas.
  2408 | D:5      | Found Voymut's Book Shoppe.
  2465 | D:5      | Found a sacrificial altar of Ru.
  2465 | D:5      | Found an opulent altar of Gozag.
  2559 | D:5      | Identified the +3 pair of gloves "Vaotz" {Dex+5}
  2591 | D:5      | Found a transporter.
  2599 | D:5      | Found a transporter.
  2877 | D:5      | Reached skill level 7 in Axes
  3233 | D:6      | Found a burning altar of Makhleb.
  3233 | D:6      | Found an iron altar of Okawaru.
  3267 | D:6      | Reached XP level 8. HP: 56/71 MP: 7/7
  3483 | D:6      | Found an ornate altar of the Wu Jian Council.
  3493 | D:6      | Reached skill level 8 in Axes
  3637 | D:6      | Reached **** piety under Trog
  3801 | D:6      | Noticed Eustachio
  3809 | D:6      | Killed Eustachio
  3810 | D:6      | Reached skill level 9 in Axes
  4158 | D:6      | Found a staircase to the Ecumenical Temple.
  4163 | D:6      | Reached XP level 9. HP: 79/79 MP: 8/8
  4368 | D:7      | Found an ancient bone altar of Kikubaaqudgha.
  4425 | D:7      | Noticed a troll
  4432 | D:7      | Killed a troll
  4433 | D:7      | Reached skill level 10 in Axes
  4486 | D:7      | Found Soklof's Tiny Tomes.
  4660 | D:7      | Noticed Jeremiah
  4735 | D:7      | Killed Jeremiah
  4802 | D:7      | Found a shimmering blue altar of Sif Muna.
  5009 | D:7      | Found a runed translucent door.
  5010 | D:7      | Noticed Crazy Yiuf
  5020 | D:7      | Killed Crazy Yiuf
  5203 | D:8      | Reached skill level 11 in Axes
  5265 | D:8      | Reached skill level 10 in Armour
  5432 | D:8      | Reached XP level 10. HP: 86/86 MP: 9/9
  5460 | D:8      | Noticed a two-headed ogre
  5468 | D:8      | Killed a two-headed ogre
  5596 | D:8      | Noticed Pikel
  5605 | D:8      | Killed Pikel
  5606 | D:8      | Reached skill level 12 in Axes
  6052 | D:9      | Noticed a two-headed ogre
  6073 | D:9      | Killed a two-headed ogre
  6074 | D:9      | Reached skill level 13 in Axes
  6642 | D:9      | Reached XP level 11. HP: 99/99 MP: 10/10
  6653 | D:9      | Reached ***** piety under Trog
  6660 | D:9      | Reached skill level 10 in Fighting
  6833 | D:10     | Entered Level 10 of the Dungeon
  6838 | D:10     | Found a staircase to the Lair.
  6973 | D:10     | Found a portal to a secret trove of treasure.
  7097 | D:10     | Found a white marble altar of Elyvilon.
  7128 | D:10     | Reached skill level 14 in Axes
  7282 | D:10     | Received a gift from Trog
  7398 | D:10     | Noticed a centaur warrior
  7400 | D:10     | Found Siuntato's Hydra Hut.
  7404 | D:10     | Killed a centaur warrior
  7408 | D:10     | Noticed a boulder beetle
  7416 | D:10     | Noticed a five-headed hydra
  7424 | D:10     | Killed a boulder beetle
  7553 | D:11     | Reached skill level 15 in Axes
  7561 | D:11     | Found a frozen archway.
  7603 | IceCv    | Entered an ice cave
  7765 | IceCv    | Found an ancient bone altar of Kikubaaqudgha.
  7784 | IceCv    | Received a gift from Trog
  7785 | IceCv    | Reached skill level 16 in Axes
  7785 | IceCv    | Reached XP level 12. HP: 111/111 MP: 3/11
  8030 | IceCv    | Identified the ring of Ehidehas {rElec rC+ rN+}
  8213 | D:11     | Noticed Lodul
  8219 | D:11     | Reached skill level 17 in Axes
  8229 | D:11     | Killed Lodul
  8638 | D:12     | Noticed Nessos
  8646 | D:12     | Killed Nessos
  8689 | D:12     | Found a transporter.
  8694 | D:12     | Noticed ShellytheWitch's ghost (journeyman KoBr)
  8710 | D:12     | Found a transporter.
  8753 | D:12     | Reached skill level 18 in Axes
  8797 | D:12     | Found a staircase to the Orcish Mines.
  9217 | D:12     | Gained mutation: You are vulnerable to heat. (rF-) [a
                  | neqoxec]
  9224 | D:12     | Gained mutation: Potions are less effective at restoring
                  | your health. [a neqoxec]
  9226 | D:12     | Gained mutation: You are frail. (-10% HP) [a neqoxec]
  9229 | D:12     | Killed ShellytheWitch's ghost
  9229 | D:12     | Gained mutation: You do not regenerate when monsters are
                  | visible. [a neqoxec]
  9230 | D:12     | Reached XP level 13. HP: 94/107 MP: 0/12
  9239 | D:12     | Identified the ring "Nuol" {Will+ Int+6 Dex+4}
  9245 | D:12     | Identified the +3 orcbow of Lykatip {freeze, SInv}
  9437 | D:12     | Received a gift from Trog
  9441 | D:12     | Reached skill level 19 in Axes
  9447 | D:12     | Identified the +1 robe of Baxowk {rF+ Will++ Str-5}
  9665 | D:13     | Found a gate leading to a gauntlet.
  9678 | D:13     | Found a transporter.
  9750 | Gauntlet | Entered a Gauntlet
  9750 | Gauntlet | Found a runed translucent door.
  9750 | Gauntlet | Found a transporter.
  9750 | Gauntlet | Found a runed translucent door.
  9755 | Gauntlet | Found a transporter.
  9757 | Gauntlet | Found a transporter.
  9813 | Gauntlet | Found a transporter.
  9821 | Gauntlet | Found a transporter.
  9822 | Gauntlet | Found a transporter.
  9824 | Gauntlet | Found a transporter.
  9880 | Gauntlet | Found a transporter.
  9900 | Gauntlet | Found a transporter.
  9900 | Gauntlet | Found a transporter.
  9925 | Gauntlet | Identified the +9 mace "Ohiesmag" {holy, rPois rF+ Will-
                  | SInv}
  9925 | Gauntlet | Noticed a minotaur
  9934 | Gauntlet | Killed a minotaur
 10094 | D:13     | Found a transporter.
 10098 | D:13     | Noticed Haduh's ghost (journeyman FeSh)
 10099 | D:13     | Noticed a fire dragon
 10113 | D:13     | HP: 7/165 [seven-headed hydra (8)]
 10113 | D:13     | Slain by a seven-headed hydra

Illustrated notes

Levels and vault maps discovered:
D:1:      dpeg_arrival_simpleton_b, layout_basic, st_stairs_8
D:2:      layout_basic, hellmonk_ecumenical_altar_pennies_from_heaven,
          serial_aquarium, aquarium_bridge_long_joined
          [aquarium_subvault_bridge, aquarium_subvault_wall,
          aquarium_subvault_bridge, aquarium_subvault_wall,
          aquarium_subvault_balcony, aquarium_subvault_wall], aquarium_window_2,
          aquarium_window_fake, aquarium_window_1, aquarium_view_2b,
          aquarium_balcony_double_4
D:3:      layout_basic, mainiacjoe_overflow_surrounded_room
D:4:      layout_rooms, kennysheep_big_empty_room
D:5:      gammafunk_wand_slinger, layout_cave_pools,
          mainiacjoe_overflow_catwalk, gammafunk_temple_overflow_elements,
          serial_shops, shop
D:6:      layout_loops_corners, mainiacjoe_overflow_concentric_impassable,
          jmf_multi_god_temple, minmay_temple_entry_fiery, uniq_eustachio
D:7:      layout_loops_cross, kennysheep_little_box, amcnicky_altar_gilded,
          nicolae_shop_i_like_small_books_too, minmay_misc_feat_room,
          uniq_jeremiah, uniq_crazy_yiuf_cottage
D:8:      layout_basic, uniq_pikel
D:9:      layout_loops_corners
D:10:     layout_gridville, elyvilon_altar_3, david_lair_generic,
          nicolae_trove_entry_crystal, doesnt_shop_hydraphobe
D:11:     layout_long_grid, portal_ice_cave_entry_imps,
          chequers_serial_rivers_room_a, uniq_lodul
D:12:     minmay_opposing_rooms, layout_small_grid, david_orc_4,
          gammafunk_ghost_stat_death, uniq_nessos
D:13:     layout_loops_ring, gammafunk_ghost_berserking_beasts,
          gauntlet_entry_generic, minivault_28

Skill      XL: |  1  2  3  4  5  6  7  8  9 10 11 12 13 |
---------------+----------------------------------------+-----
Axes           | 4 5 6 7 9 11 13 16 18 19 | 19.4
Fighting       | 4 5 6 7 8 9 11 12 13 | 13.7
Armour         | 3 4 5 6 8 10 11 12 13 | 13.7
Dodging        | 3 4 |  4.9
Stealth        | |  0.9

Action                     |  1- 3 |  4- 6 |  7- 9 | 10-12 | 13-15 || total
---------------------------+-------+-------+-------+-------+-------++-------
  Melee: Hand axe          |    70 |   105 |   305 |   106 |       ||   586
         Headbutt          |    11 |    17 |    52 |    68 |    18 ||   166
         Punch             |       |     2 |     5 |     2 |       ||     9
         Battleaxe         |       |       |       |   251 |    70 ||   321
 Invoke: Berserk           |       |       |     5 |     5 |     1 ||    11
         Trog's Hand       |       |       |       |     2 |     1 ||     3
         Brothers in Arms  |       |       |       |     1 |     1 ||     2
    Use: Scroll            |     4 |     4 |     4 |    11 |     3 ||    26
   Stab: Petrified         |       |       |       |       |     1 ||     1
 Armour: Ring mail         |    44 |    45 |       |       |       ||    89
         Plate armour      |       |    53 |   322 |   466 |   147 ||   988
  Dodge: Dodged            |    39 |    43 |   158 |   273 |    38 ||   551

Table legend: (Time is in decaauts)
 A = Elapsed time spent in this place.
 B = Non-inter-level travel time spent in this place.
 C = Inter-level travel time spent in this place.
 D = Time resting spent in this place.
 E = Time spent auto-exploring this place.
 F = Levels seen in this place.
 G = Mean time per level.
                   A        B        C        D        E       F      G
               +--------+--------+--------+--------+--------+-----+--------+
         Total |  10065 |   9886 |    179 |      0 |   5694 |  15 |  671.0 |
       Dungeon |   9265 |   9086 |    179 |      0 |   5590 |  13 |  712.7 |
      Ice Cave |    511 |    511 |      0 |      0 |     73 |   1 |  511.0 |
      Gauntlet |    288 |    288 |      0 |      0 |     31 |   1 |  288.0 |
               +--------+--------+--------+--------+--------+-----+--------+

Top non-repeatable levels by time:
     D:6: 1085 daAuts
    D:12: 1008 daAuts
     D:7: 921 daAuts
     D:5: 886 daAuts
     D:9: 845 daAuts
     D:8: 775 daAuts
    D:10: 703 daAuts
     D:4: 690 daAuts
     D:2: 615 daAuts
    D:11: 590 daAuts
   IceCv: 511 daAuts
     D:3: 509 daAuts
     D:1: 478 daAuts
Gauntlet: 288 daAuts
    D:13: 154 daAuts
